 Dungeon Crawl Stone Soup version 0.19-a0-1831-gd4c818f (webtiles) character file.

704 Proteus the Covert (level 7, -3/33 HPs)
             Began as a Spriggan Assassin on Oct 8, 2016.
             Was an Initiate of Okawaru.
             Slain by an iguana (8 damage)
             ... on level 5 of the Dungeon.
             The game lasted 00:24:21 (6092 turns).

Proteus the Covert (Spriggan Assassin)              Turns: 6092, Time: 00:24:22

Health: -3/33      AC:  5    Str:  7    XL:     7   Next: 39%
Magic:  8/8        EV: 17    Int: 12    God:    Okawaru [......]
Gold:   193        SH:  0    Dex: 20    Spells: 0 memorised, 6 levels left

rFire  . . .     SeeInvis +     a - +2 dagger
rCold  . . .     Gourm    .     t - +0 robe {MR+}
rNeg   . . .     Faith    .     (shield restricted)
rPois  .         Spirit   .     (helmet restricted)
rElec  .         Dismiss  .     d - +2 cloak
rCorr  .         Reflect  .     (gloves unavailable)
MR     ++...     Harm     .     (boots unavailable)
Stlth  ++++++....               (no amulet)
                                (no ring)
                                (no ring)

@: very quick
A: unfitting armour, see invisible, herbivore 3, speed 3, slow metabolism 2
a: Renounce Religion


You were on level 5 of the Dungeon.
You worshipped Okawaru.
Okawaru was noncommittal.
You were not hungry.

You visited 2 branches of the dungeon, and saw 6 of its levels.

You collected 193 gold pieces.

Inventory:

Hand Weapons
 a - a +2 dagger (weapon)
 b - a +1 blowgun
Missiles
 f - 4 poisoned needles
Armour
 c - a +1 robe
 d - a +2 cloak (worn)
 t - a +0 robe of magic resistance (worn)
Wands
 w - a wand of random effects (23/48)
Scrolls
 j - a scroll of teleportation
 l - a scroll of amnesia
 m - 2 scrolls of remove curse
 o - a scroll of fear
 v - 3 scrolls of blinking {unknown}
Potions
 e - 2 potions of beneficial mutation {unknown}
 h - 2 potions of lignification {unknown}
 i - 2 potions of might
 k - a potion of heal wounds {unknown}
 p - a potion of mutation {unknown}
 q - a potion of ambrosia {unknown}
 r - a potion of invisibility {unknown}
 s - a potion of cancellation {unknown}
 u - 2 potions of agility {unknown}
 x - a potion of resistance {unknown}
 A - a potion of flight {unknown}
Comestibles
 g - 7 bread rations


   Skills:
 + Level 1.6 Fighting
 + Level 2.2 Short Blades
 + Level 2.0 Throwing
 + Level 1.9 Dodging
 + Level 13.2 Stealth


You had 6 spell levels left.
You didn't know any spells.

Dungeon Overview and Level Annotations

Branches:
Dungeon (5/15)             Temple (1/1) D:4

Altars:
Ashenzari
Cheibriados
Dithmenos
Elyvilon
Gozag
Hepliaklqana
Kikubaaqudgha
Nemelex Xobeh
Okawaru
Qazlal
Ru
Sif Muna
Trog
Uskayaw
Vehumet
Xom
Yredelemnul
Zin
The Shining One


Innate Abilities, Weirdness & Mutations

You are very small and have problems with some larger weapons.
You are too small for most types of armour.
You have supernaturally acute eyesight. (SInv)
You are a herbivore.
You cover ground extremely quickly.
You need consume almost no food.


Message History

The iguana is severely wounded.
The iguana misses you.
You hit the iguana but do no damage.
The iguana is severely wounded.
The iguana closely misses you.
You hit the iguana but do no damage.
The iguana is severely wounded.
The iguana bites you!
* * * LOW HITPOINT WARNING * * *
You are too injured to fight recklessly!
You barely miss the iguana.
The iguana is severely wounded.
The iguana misses you.
You hit the iguana but do no damage.
The iguana is severely wounded.
The iguana completely misses you.
You hit the iguana.
The iguana is almost dead.
The iguana bites you!
You die...

########## #.....#
#.....# #.....# ##
###### #.....# #. #....#
#.....# #. #....#
#.....###.
#....##########.....'...
#......@l...........####
#...................####
####.......(............
#.........((.#####....
#...#######(#### #....
#...##...(.....###....
#[..##...........+....
#...##.........###....
######.........# #....


You could see an iguana.

Vanquished Creatures
  Edmund (D:4)
  An orc warrior (D:4)
  An ogre (D:4)
  A scorpion (D:5)
  A crimson imp (D:5)
  2 hounds (D:3)
  A bullfrog skeleton (D:4)
  A worker ant (D:4)
  Robin (D:2)
  A gnoll (D:3)
  8 adders
  2 shadow imps (D:4)
  An ooze (D:3)
  4 worms
  2 dart slugs
  4 leopard geckos
  6 orcs
  7 bats
  5 giant cockroaches
  18 goblins
  6 hobgoblins
  3 jackals (D:4)
  A quokka (D:2)
  A ball python (D:3)
  8 frilled lizards
  7 kobolds
  5 rats
  A spectral orc (D:2)
100 creatures vanquished.

Notes
Turn   | Place    | Note
-------+----------+-------------------------------------------
     0 | D:1      | Proteus the Spriggan Assassin began the quest for the Orb.
     0 | D:1      | Reached XP level 1. HP: 10/10 MP: 2/2
    12 | D:1      | Reached skill level 6 in Stealth
   322 | D:1      | Reached XP level 2. HP: 14/14 MP: 3/3
   667 | D:2      | Reached skill level 7 in Stealth
   692 | D:2      | Reached XP level 3. HP: 17/18 MP: 4/4
   819 | D:2      | Found a basalt altar of Yredelemnul.
   867 | D:2      | Reached skill level 8 in Stealth
  1205 | D:2      | Noticed Robin
  1208 | D:2      | Killed Robin
  1340 | D:2      | Reached XP level 4. HP: 20/22 MP: 5/5
  1792 | D:2      | Reached skill level 9 in Stealth
  1839 | D:2      | Found a white marble altar of Elyvilon.
  1950 | D:3      | Found a glowing silver altar of Zin.
  2046 | D:3      | Reached XP level 5. HP: 21/25 MP: 6/6
  2053 | D:3      | Reached skill level 10 in Stealth
  2690 | D:3      | Found a shadowy altar of Dithmenos.
  4323 | D:4      | Noticed an orc warrior
  4329 | D:4      | Killed an orc warrior
  4329 | D:4      | Reached skill level 11 in Stealth
  4329 | D:4      | Reached XP level 6. HP: 30/30 MP: 7/7
  4360 | D:4      | Noticed Edmund
  4440 | D:4      | Killed Edmund
  4440 | D:4      | Reached skill level 12 in Stealth
  5005 | D:4      | Reached XP level 7. HP: 33/33 MP: 8/8
  5215 | D:4      | Reached skill level 13 in Stealth
  5244 | D:4      | Found a staircase to the Ecumenical Temple.
  5256 | Temple   | Entered the Ecumenical Temple
  5304 | Temple   | Became a worshipper of Warmaster Okawaru
  5503 | D:5      | Entered Level 5 of the Dungeon
  6092 | D:5      | Slain by an iguana

Vault maps used:
D:1:      lemuel_arrival_rhombus, nrook_mini_vaults
D:2:      elyvilon_altar_3, yredelemnul_forgotten_temple_becter,
          minmay_pentomino_s2, uniq_robin
D:3:      lemuel_crystal_altar, lemuel_round_altar, cheibrodos_gnoll_hut
D:4:      first_bread, uniq_edmund
D:5:      lemuel_doored_altar, portal_sewer_entry_e
Temple:   regret_index_temple_waves

Skill      XL: |  1  2  3  4  5  6  7 |
---------------+----------------------+-----
Stealth        | 6 7 8 9 11 12 13 | 13.2
Fighting       | |  1.6
Short Blades   | |  2.2
Throwing       | |  2.0
Dodging        | |  1.9

Action                   |  1- 3 |  4- 6 |  7- 9 || total
-------------------------+-------+-------+-------++-------
Melee: Dagger            |    75 |   231 |    28 ||   334
 Fire: Blowgun           |     2 |    38 |     8 ||    48
Evoke: Wand              |       |       |     2 ||     2
  Use: Scroll            |       |    14 |       ||    14
       Potion            |       |     1 |     1 ||     2
 Stab: Sleeping          |    10 |    12 |     3 ||    25
       Distracted        |       |     1 |     1 ||     2
  Eat: Fruit             |       |     4 |       ||     4
Armor: Robe              |     7 |    24 |     5 ||    36
Dodge: Dodged            |    47 |   148 |    14 ||   209
